 Dungeon Sprint DCSS version 0.21-a0-225-g207ae17 (webtiles) character file.

377476 ruwin the Minotaur Barricade (level 20, -19/324 HPs)
             Began as a Minotaur Fighter on Aug 30, 2017.
             Was the Champion of Okawaru.
             Killed from afar by Xewoiney the pandemonium lord (64 damage)
             ... with a crystal spear
             ... while paralysed by a floating eye
             ... in the Dungeon (Sprint IX: "|||||||||||||||||||||||||||||").
             The game lasted 00:42:34 (10649 turns).

ruwin the Minotaur Barricade (Minotaur Fighter)    Turns: 10649, Time: 00:42:35

Health: -19/324    AC: 53    Str: 39    XL:     20   Next: 62%
Magic:  52/55      EV:  2    Int:  7    God:    Okawaru [******]
Gold:   1125       SH:  0    Dex: 18    Spells: 66/66 levels left

rFire    . . .     SeeInvis +   r - +4 broad axe (chop)
rCold    . . .     Gourm    .   l - +5 large shield "Wocutta" {rN+ Str+2 Int+2}
rNeg     + . .     Faith    .   W - +11 crystal plate armour of Tartarus {*Contam Regen+ MP+9 SInv}
rPois    .         Spirit   .   (helmet restricted)
rElec    .         Reflect  .   L - +0 cloak of Juogi {Slay+3}
rCorr    .         Harm     .   N - +0 pair of gloves {Str+3}
MR       +++..     NoTele   +   s - +1 pair of boots
Stlth    ..........             K - amulet of Zonopil {Regen+ Dex+5}
HPRegen  1.44/turn              G - ring of protection from magic
MPRegen  0.34/turn              E - ring of protection from magic

@: paralysed, berserking, heroism
A: retaliatory headbutt, horns 2, icy blue scales 1, slimy green scales 1, agile
1, evolution 1
0: Orb of Zot
}: 5/15 runes: decaying, serpentine, elven, silver, gossamer
a: Heroism, Finesse, Renounce Religion


You were in the Dungeon.
You worshipped Okawaru.
Okawaru was exalted by your worship.
You were not hungry.

You visited 1 branch You collected 1275 gold pieces.
You spent 150 gold pieces at shops.

Inventory:

Hand Weapons
 c - a +0 scimitar of flaming
 r - a +4 broad axe of chopping (weapon)
 A - a +3 eudemon blade of holy wrath
Missiles
 x - 3 tomahawks of dispersal (quivered)
 M - 2 javelins of returning
Armour
 l - the +5 large shield "Wocutta" (worn) {rN+ Str+2 Int+2}
   (Okawaru gifted it to you in the Dungeon)

   It affects your strength (+2).
   It affects your intelligence (+2).
   It protects you from negative energy.
 s - a +1 pair of boots (worn)
 z - a scarf of spirit shield
 L - the +0 cloak of Juogi (worn) {Slay+3}
   (Okawaru gifted it to you in the Dungeon)

   It affects your accuracy and damage with ranged weapons and melee attacks
   (+3).
 N - a +0 pair of gloves of strength (worn)
 O - a +1 hat
 W - the +11 crystal plate armour of Tartarus (worn) {*Contam Regen+ MP+9 SInv}
   (Okawaru gifted it to you in the Dungeon)

   It affects your magic capacity (+9).
   It lets you see invisible.
   It causes magical contamination when unequipped.
   It increases your rate of regeneration.
Jewellery
 q - an uncursed ring of wizardry
 v - a +2 ring of protection
 w - a +2 ring of evasion
 D - an uncursed ring of ice {unknown}
 E - a ring of protection from magic (right hand)
 G - a ring of protection from magic (left hand)
 K - the amulet of Zonopil (around neck) {Regen+ Dex+5}
   (You found it in the Dungeon)

   [amulet of regeneration]

   It affects your dexterity (+5).
   It increases your rate of regeneration.
 R - the amulet "Meteciul" {+Rage rElec rC++ Str+3}
   (You found it in the Dungeon)

   [amulet of rage]

   It affects your strength (+3).
   It greatly protects you from cold.
   It insulates you from electricity.
   It lets you go berserk.
Wands
 p - a wand of acid (0/15)
 C - a wand of disintegration (7/24)
Scrolls
 k - 5 scrolls of blinking
 n - 5 scrolls of remove curse
 o - 3 scrolls of amnesia
 t - 7 scrolls of fear
 u - 4 scrolls of fog
 y - 6 scrolls of enchant armour
 F - a scroll of magic mapping
 J - a scroll of identify
 Q - 2 scrolls of recharging
Potions
 b - 2 potions of brilliance
 d - a potion of might
 e - 9 potions of curing
 g - a potion of heal wounds
 h - 2 potions of haste
 i - 4 potions of magic
 j - a potion of berserk rage
 m - a potion of invisibility
 I - 4 potions of agility
 P - a potion of resistance
 T - a potion of mutation
Comestibles
 a - 40 fruits
 f - 12 bread rations
 B - 8 meat rations


   Skills:
 O Level 27 Fighting
 O Level 27 Long Blades
 O Level 27 Axes
 O Level 27 Armour
 O Level 27 Dodging
 O Level 27 Shields
 + Level 23.7 Spellcasting
 - Level 10.1 Invocations
 O Level 27 Evocations


You had 66 spell levels left.
You didn't know any spells.

Dungeon Overview and Level Annotations

Branches:
Dungeon (1/1)

Altars:
Cheibriados
Dithmenos
Elyvilon
Fedhas
Gozag
Hepliaklqana
Kikubaaqudgha
Makhleb
Nemelex Xobeh
Okawaru
Qazlal
Ru
Sif Muna
Trog
Uskayaw
Vehumet
Wu Jian
Xom
Yredelemnul
Zin
The Shining One
Beogh
Jiyva
Lugonu

Shops:
D ([*[

Annotations:
D Royal Jelly


Innate Abilities, Weirdness & Mutations

You reflexively headbutt those who attack you in melee.
You have a pair of horns on your head.
You are partially covered in icy blue scales. (AC +2)
You are partially covered in slimy green scales. (AC +2)
You are agile. (Dex +2)
You evolve.


Message History

You shrug off the repeated paralysis!
Xewoiney hits you but does no damage.
You can move again.
You feel much better. Xewoiney closely misses you. You furiously retaliate!
You headbutt Xewoiney.
The floating eye's stare focuses on you.
You feel much better. Xewoiney gestures at you. You block the crystal spear.
You block Xewoiney's attack.
A red film seems to cover your vision as you go berserk!
Your finesse ends abruptly.
You feel yourself moving faster!
You feel mighty! Xewoiney gestures at you. The crystal spear hits you!
* * * LOW HITPOINT WARNING * * *
The floating eye gazes piercingly through you!
You suddenly lose the ability to move!
Xewoiney hits you.
* * * LOW HITPOINT WARNING * * *
The floating eye's stare focuses on you.
Xewoiney gestures at you. The crystal spear hits you!
You die...

..))).))'......))'....))))....))[
▓▓▓▓▓▓▓▓▓▓▓▓▓▓▓▓▓▓▓▓▓▓▓▓▓▓▓▓▓▓▓▓▓
..........[..................)...
▓▓▓▓▓▓▓▓▓▓▓▓▓▓▓▓▓▓▓▓▓▓▓▓▓▓▓▓▓▓▓▓▓
...............[[[[[[....))))))).
▓▓▓▓▓▓▓▓▓▓▓▓▓▓▓▓▓▓▓▓▓▓▓▓▓▓▓▓▓▓▓▓▓
...)...................).).......
▓▓▓▓▓▓▓▓▓▓▓▓▓▓▓▓▓▓▓▓▓▓▓▓▓▓▓▓▓▓▓▓▓
......)=(()(())G@&GGG1L3)))......
▓▓▓▓▓▓▓▓▓▓▓▓▓▓▓▓▓▓▓▓▓▓▓▓▓▓▓▓▓▓▓▓▓
....................)))).........
♣♣♣▓▓▓▓▓▓▓▓▓▓▓▓▓▓▓▓▓▓▓▓▓▓▓▓▓▓▓▓▓▓
..÷†...).))...))).[....†..††..†..
♣♣♣▓▓▓▓▓▓▓▓▓▓▓▓▓▓▓▓▓▓▓▓▓▓▓▓▓▓▓▓▓▓
.................................
▓▓▓▓▓▓▓▓▓▓▓▓▓▓▓▓▓▓▓▓▓▓▓▓▓▓▓▓▓▓▓▓▓
...............[[.[[[...))))))...


You could see Xewoiney, a Brimstone Fiend, a lich (invisible), a shining eye, an
eye of devastation, a sun demon and 2 floating eyes.

Vanquished Creatures
  Mara (D)
  2 orbs of fire (D)
  5 ancient liches (D)
  Mennas (D)
  Boris (D)
  Frederick (D)
  Margery (D)
  Xtahua (D)
  2 golden dragons (D)
  Jory (D)
  3 electric golems (D)
  3 tentacled monstrosities (D)
  An Ice Fiend (D)
  A titan (D)
  Rupert (D)
  2 deep elf blademasters (D)
  30 Orb Guardians (D)
  4 liches (D)
  4 acid blobs (D)
  3 quicksilver dragons (D)
  A deep elf master archer (D)
  A death cob (D)
  Agnes (D)
  Kirke (D)
  4 storm dragons (D)
  A sphinx (D)
  6 shadow dragons (D)
  Ilsuiw (D)
  4 nagarajas (D)
  4 draconian scorchers (D)
  A fire giant (D)
  2 frost giants (D)
  A ghost moth (D)
  3 draconian knights (D)
  5 emperor scorpions (D)
  Louise (D)
  3 deep elf sorcerers (D)
  3 vault wardens (D)
  4 draconian stormcallers (D)
  An angel (D)
  3 very ugly things (D)
  A draconian annihilator (D)
  4 ironheart preservers (D)
  3 stone giants (D)
  2 entropy weavers (D)
  3 green draconians (D)
  Nessos (D)
  2 deep elf annihilators (D)
  A deep elf demonologist (D)
  6 vampire knights (D)
  6 red draconians (D)
  6 white draconians (D)
  2 yellow draconians (D)
  2 spark wasps (D)
  2 purple draconians (D)
  2 merfolk javelineers (D)
  A death ooze (D)
  4 deep elf death magi (D)
  2 ettins (D)
  4 fire dragons (D)
  A deep elf high priest (D)
  3 yaktaur captains (D)
  2 ice dragons (D)
  A hell beast (D)
  A naga warrior (D)
  9 hydras (D)
  A merfolk avatar (D)
  25 vault guards (D)
  2 alligators (D)
  8 merfolk aquamancers (D)
  A two-headed ogre (D)
  3 centaur warriors (D)
  An ogre mage (D)
  A tengu warrior (D)
  4 deep troll earth magi (D)
  A deep troll shaman (D)
  3 orc high priests (D)
  A naga sharpshooter (D)
  2 deep elf knights (D)
  Nergalle (D)
  A shadow wraith (D)
  A small abomination (D)
  2 hell knights (D)
  4 swamp dragons (D)
  A spriggan druid (D)
  A deep elf archer (D)
  2 ironbrand convokers (D)
  A shambling mangrove (D)
  6 orc knights (D)
  2 wizards (D)
  2 necromancers (D)
  A harpy (D)
  An ugly thing (D)
  A wolf spider (D)
  An orb spider (D)
  2 manticores (D)
  An orc sorcerer (D)
  2 mana vipers (D)
  A deep elf mage (D)
  2 cyclopes (D)
  A salamander (D)
  14 moths of wrath (D)
  3 guardian serpents (D)
  A rust devil (D)
  Maurice (D)
  A merfolk siren (D)
  Psyche (D)
  4 naga magi (D)
  An orange demon (D)
  3 vault sentinels (D)
  2 water nymphs (D)
  5 spiny frogs (D)
  A hellion (D)
  6 yaktaurs (D)
  2 black mambas (D)
  A smoke demon (D)
  A freezing wraith (D)
  3 merfolk (D)
  A demonic crawler (D)
  A queen bee (shapeshifter) (D)
  A red devil (D)
  5 hellwings (D)
  A tyrant leech (D)
  2 jumping spiders (D)
  A tengu conjurer (D)
  5 polar bears (D)
  A hornet (D)
  4 slime creatures (D)
  A wind drake (D)
  A hippogriff (shapeshifter) (D)
  A snapping turtle (D)
  A wyvern (D)
  3 redbacks (D)
  11 spriggans (D)
  3 tarantellas (D)
  A water elemental (D)
  A golden eye (shapeshifter) (D)
  A yak (D)
  2 basilisks (D)
  A hog (D)
  A hungry ghost (D)
  An acid dragon (D)
  4 nagas (D)
  6 porcupines (D)
  4 black bears (D)
  2 swamp drakes (D)
  An ice beast (D)
  13 orc warriors (D)
  A sky beast (D)
  A boggart (D)
  3 eyes of draining (D)
  2 centaurs (D)
  2 crocodiles (D)
  A crocodile (shapeshifter) (D)
  A bullfrog (D)
  2 crimson imps (D)
  2 orc priests (D)
  4 orc wizards (D)
  A worker ant (D)
  An adder (D)
  A shadow imp (D)
  2 adder simulacra (D)
  12 orcs (D)
  2 bats (D)
  2 bat skeletons (D)
  A bat zombie (D)
  A giant cockroach (D)
  2 hobgoblins (D)
  A quokka (D)
  A giant cockroach zombie (D)
  A crawling corpse (D)
458 creatures vanquished.

Vanquished Creatures (others)
  An ice dragon (D)
  2 humans (D)
3 creatures vanquished.

Grand Total: 461 creatures vanquished

Notes
Turn   | Place    | Note
-------+----------+-------------------------------------------
     0 | D        | ruwin the Minotaur Fighter began the quest for the Orb.
     0 | D        | Reached XP level 1. HP: 19/19 MP: 0/0
    24 | D        | Noticed a crimson imp
    24 | D        | Noticed a crimson imp
    24 | D        | Noticed a centaur
    29 | D        | Killed a centaur
    29 | D        | Reached skill level 5 in Fighting
    29 | D        | Reached skill level 5 in Armour
    29 | D        | Reached skill level 5 in Shields
    29 | D        | Reached XP level 2. HP: 22/30 MP: 1/1
    29 | D        | Reached XP level 3. HP: 27/37 MP: 2/2
    29 | D        | Reached XP level 4. HP: 33/44 MP: 3/3
    50 | D        | Reached XP level 5. HP: 42/51 MP: 4/4
    64 | D        | Found a roughly hewn altar of Beogh.
    64 | D        | Found a snail-covered altar of Cheibriados.
    64 | D        | Found a shadowy altar of Dithmenos.
    64 | D        | Found a white marble altar of Elyvilon.
    64 | D        | Found a blossoming altar of Fedhas.
    64 | D        | Found an opulent altar of Gozag.
    65 | D        | Found a hazy altar of Hepliaklqana.
    66 | D        | Found a viscous altar of Jiyva.
    67 | D        | Found an ancient bone altar of Kikubaaqudgha.
    68 | D        | Found a corrupted altar of Lugonu.
    69 | D        | Found a burning altar of Makhleb.
    70 | D        | Found a sparkling altar of Nemelex Xobeh.
    71 | D        | Found an iron altar of Okawaru.
    72 | D        | Found a stormy altar of Qazlal.
    73 | D        | Found a sacrificial altar of Ru.
    74 | D        | Found a deep blue altar of Sif Muna.
    75 | D        | Found a bloodstained altar of Trog.
    76 | D        | Found a hide-covered altar of Uskayaw.
    77 | D        | Found a radiant altar of Vehumet.
    78 | D        | Found an ornate altar of the Wu Jian Council.
    79 | D        | Found a shimmering altar of Xom.
    80 | D        | Found a basalt altar of Yredelemnul.
    83 | D        | Found a glowing silver altar of Zin.
    84 | D        | Found a glowing golden altar of the Shining One.
   141 | D        | Became a worshipper of Warmaster Okawaru
   194 | D        | Noticed a two-headed ogre
   194 | D        | Noticed a sky beast
   194 | D        | Noticed a centaur
   194 | D        | Noticed an orc warrior
   205 | D        | Killed an orc warrior
   207 | D        | Killed a centaur
   207 | D        | Reached skill level 10 in Axes
   207 | D        | Reached XP level 6. HP: 53/61 MP: 5/5
   210 | D        | Killed a sky beast
   217 | D        | Killed a two-headed ogre
   217 | D        | Reached * piety under Okawaru
   217 | D        | Reached ** piety under Okawaru
   217 | D        | Reached *** piety under Okawaru
   217 | D        | Received a gift from Okawaru
   217 | D        | Reached skill level 10 in Fighting
   217 | D        | Reached skill level 10 in Armour
   217 | D        | Reached skill level 10 in Shields
   217 | D        | Reached XP level 7. HP: 19/72 MP: 6/6
   217 | D        | Reached XP level 8. HP: 21/79 MP: 7/7
   487 | D        | Noticed a manticore
   487 | D        | Noticed a deep elf mage
   487 | D        | Noticed a centaur warrior
   492 | D        | Killed a centaur warrior
   507 | D        | Noticed a demonic crawler
   508 | D        | Killed a deep elf mage
   508 | D        | Reached XP level 9. HP: 80/89 MP: 6/11
   514 | D        | Killed a manticore
   514 | D        | Reached **** piety under Okawaru
   514 | D        | Reached skill level 15 in Axes
   514 | D        | Reached skill level 5 in Invocations
   765 | D        | Noticed a spiny frog
   765 | D        | Noticed a five-headed hydra
   765 | D        | Noticed a spiny frog
   772 | D        | Killed a spiny frog
   773 | D        | Noticed a seven-headed hydra
   773 | D        | Killed a spiny frog
   774 | D        | Killed a six-headed hydra
   774 | D        | Reached ***** piety under Okawaru
   774 | D        | Reached XP level 10. HP: 95/99 MP: 11/13
   801 | D        | Killed an 11-headed hydra
   801 | D        | Received a gift from Okawaru
  1117 | D        | Noticed a spiny frog
  1137 | D        | Killed a spiny frog
  1327 | D        | Reached XP level 11. HP: 99/108 MP: 14/16
  1385 | D        | Noticed an orc knight
  1390 | D        | Noticed an orc high priest
  1394 | D        | Killed an orc knight
  1395 | D        | Noticed an orc knight
  1417 | D        | Killed an orc high priest
  1425 | D        | Killed an orc knight
  1425 | D        | Received a gift from Okawaru
  1605 | D        | Found Gialegedgh's Antique Armour Boutique.
  1605 | D        | Noticed an orc knight
  1605 | D        | Noticed an orc high priest
  1611 | D        | Noticed an orc knight
  1612 | D        | Killed an orc high priest
  1613 | D        | Found Beuschan's General Store.
  1620 | D        | Killed an orc knight
  1630 | D        | Killed an orc knight
  1631 | D        | Found Hotekloe's Antique Armour Boutique.
  1632 | D        | Noticed an orc knight
  1637 | D        | Found Ciupo's Weapon Shop.
  1645 | D        | Killed an orc knight
  1648 | D        | Noticed an orc sorcerer
  1649 | D        | Noticed an orc high priest
  1654 | D        | Killed an orc sorcerer
  1654 | D        | Reached skill level 10 in Invocations
  1661 | D        | Killed an orc high priest
  1858 | D        | Bought a potion of heal wounds for 60 gold pieces
  1868 | D        | Bought a scroll of enchant armour for 90 gold pieces
  1912 | D        | Noticed Psyche
  1918 | D        | Killed Psyche
  1918 | D        | Reached skill level 15 in Fighting
  1918 | D        | Reached skill level 15 in Armour
  1918 | D        | Reached skill level 1 in Dodging
  1918 | D        | Reached skill level 15 in Shields
  1940 | D        | Noticed Maurice
  1955 | D        | Killed Maurice
  2025 | D        | Got the cursed +0 hat of Wisdom {Int+2 Dex+3}
  2080 | D        | Noticed a white ugly thing
  2088 | D        | Killed a white ugly thing
  2089 | D        | Noticed a deep troll earth mage
  2093 | D        | Reached ****** piety under Okawaru
  2096 | D        | Noticed a centaur warrior
  2098 | D        | Noticed an ettin
  2105 | D        | Killed a deep troll earth mage
  2112 | D        | Reached XP level 12. HP: 96/121 MP: 8/18
  2115 | D        | Killed a centaur warrior
  2115 | D        | Reached skill level 5 in Dodging
  2120 | D        | Killed an ettin
  2121 | D        | Noticed a lich
  2122 | D        | Noticed a spark wasp
  2124 | D        | Noticed a purple very ugly thing
  2128 | D        | Killed a spark wasp
  2138 | D        | Killed a lich
  2138 | D        | Received a gift from Okawaru
  2145 | D        | Killed a purple very ugly thing
  2145 | D        | Received a gift from Okawaru
  2156 | D        | Got a faintly glowing cloak {god gift}
  2171 | D        | Identified the +0 cloak of Juogi {Slay+3} (Okawaru gifted it to you in the Dungeon)
  2591 | D        | Noticed an eight-headed hydra
  2591 | D        | Noticed an alligator
  2591 | D        | Noticed an alligator
  2598 | D        | Killed an alligator
  2609 | D        | Noticed a cyan very ugly thing
  2620 | D        | Killed an alligator
  2633 | D        | Killed a 14-headed hydra
  2637 | D        | Killed a cyan very ugly thing
  2750 | D        | Reached skill level 10 in Dodging
  2771 | D        | Noticed an emperor scorpion
  2789 | D        | Killed an emperor scorpion
  2789 | D        | Reached XP level 13. HP: 66/134 MP: 19/19
  3149 | D        | Received a gift from Okawaru
  3166 | D        | Got a pair of distressingly furry gloves {god gift}
  3172 | D        | Identified the +0 pair of gloves "Oqarueno" {MP+9} (Okawaru gifted it to you in the Dungeon)
  3266 | D        | Noticed a nagaraja
  3281 | D        | Killed a nagaraja
  3464 | D        | Noticed Nessos
  3475 | D        | Killed Nessos
  3544 | D        | Noticed a stone giant
  3544 | D        | Noticed a spark wasp
  3544 | D        | Noticed a sphinx
  3551 | D        | Noticed a fire dragon
  3564 | D        | Killed a sphinx
  3565 | D        | Noticed a frost giant
  3573 | D        | Killed a spark wasp
  3579 | D        | Killed a stone giant
  3594 | D        | Killed a fire dragon
  3602 | D        | Killed a frost giant
  3606 | D        | Received a gift from Okawaru
  3622 | D        | Noticed an ettin
  3633 | D        | Killed an ettin
  3637 | D        | Reached XP level 14. HP: 107/148 MP: 20/20
  3664 | D        | Got a translucent cloak {god gift}
  3675 | D        | Identified the +2 cloak of the Serpent {rC+++ rN+ Int+3 Dex-2} (Okawaru gifted it to you in the Dungeon)
  3863 | D        | Noticed a vault warden
  3863 | D        | Noticed an ironheart preserver
  3863 | D        | Noticed an entropy weaver
  3863 | D        | Noticed an entropy weaver
  3870 | D        | Killed an entropy weaver
  3884 | D        | Killed an entropy weaver
  3899 | D        | Killed a vault warden
  3905 | D        | Killed an ironheart preserver
  3905 | D        | Reached skill level 15 in Dodging
  3925 | D        | Noticed an ironheart preserver
  3954 | D        | Killed an ironheart preserver
  3979 | D        | Received a gift from Okawaru
  4362 | D        | Noticed Rupert
  4367 | D        | Paralysed by Rupert for 5 turns
  4378 | D        | Killed Rupert
  4584 | D        | Noticed Boris
  4605 | D        | Killed Boris
  4605 | D        | Received a gift from Okawaru
  4963 | D        | Noticed Ilsuiw
  4998 | D        | Killed Ilsuiw
  4998 | D        | Received a gift from Okawaru
  5003 | D        | Reached XP level 15. HP: 105/162 MP: 21/21
  5212 | D        | Killed a ghost moth
  5269 | D        | Got a gossamer rune of Zot
  5369 | D        | Noticed a nagaraja
  5369 | D        | Noticed a nagaraja
  5370 | D        | Noticed a nagaraja
  5378 | D        | Killed a nagaraja
  5384 | D        | Killed a nagaraja
  5387 | D        | Killed a nagaraja
  5387 | D        | Received a gift from Okawaru
  5424 | D        | Got a serpentine rune of Zot
  5566 | D        | Got a decaying rune of Zot
  6007 | D        | Noticed Xtahua
  6014 | D        | Killed Xtahua
  6179 | D        | Noticed Agnes
  6188 | D        | Killed Agnes
  6188 | D        | Received a gift from Okawaru
  6208 | D        | Noticed Margery
  6224 | D        | Killed Margery
  6673 | D        | Reached XP level 16. HP: 169/178 MP: 22/22
  6688 | D        | Received a gift from Okawaru
  6829 | D        | Received a gift from Okawaru
  6841 | D        | Noticed a shadow dragon
  6847 | D        | Noticed a shadow dragon
  6886 | D        | Killed a shadow dragon
  6894 | D        | Killed a shadow dragon
  6901 | D        | Got a steaming crystal plate armour {god gift}
  6913 | D        | Identified the +11 crystal plate armour of Tartarus {*Contam Regen+ MP+9 SInv} (Okawaru gifted it to you in the Dungeon)
  6971 | D        | Noticed a shadow dragon
  6971 | D        | Noticed a quicksilver dragon
  6971 | D        | Noticed a titan
  6971 | D        | Noticed a tentacled monstrosity
  6971 | D        | Noticed a shadow dragon
  6986 | D        | Noticed a tentacled monstrosity
  6988 | D        | Killed a tentacled monstrosity
  6988 | D        | Reached skill level 27 in Fighting
  6988 | D        | Reached skill level 27 in Armour
  6988 | D        | Reached skill level 27 in Shields
  6998 | D        | Killed a shadow dragon
  6999 | D        | Noticed a shadow dragon
  7007 | D        | Killed a titan
  7011 | D        | Killed a shadow dragon
  7016 | D        | Killed a tentacled monstrosity
  7025 | D        | Killed a quicksilver dragon
  7043 | D        | Killed a shadow dragon
  7045 | D        | Got a silver rune of Zot
  7096 | D        | Noticed Kirke
  7106 | D        | Killed Kirke
  7106 | D        | Received a gift from Okawaru
  7126 | D        | Noticed Louise
  7128 | D        | Noticed Mara
  7129 | D        | Noticed ruwin's illusion
  7145 | D        | Killed Mara
  7145 | D        | Reached skill level 27 in Dodging
  7145 | D        | Reached XP level 17. HP: 112/191 MP: 23/23
  7158 | D        | Killed Louise
  7284 | D        | Noticed Frederick
  7301 | D        | Killed Frederick
  7345 | D        | Got the amulet of Zonopil {Regen+ Dex+5}
  7347 | D        | Got the ring "Vugiorel" {Ice Int-2 Dex+2 Stlth+}
  7349 | D        | Got the amulet "Meteciul" {+Rage rElec rC++ Str+3}
  7351 | D        | Got the ring "Jedarch" {Fire rElec rN+ Int+2}
  7353 | D        | Got the ring "Numowk" {Fire Int+2}
  7368 | D        | Got the +5 lajatang of Dishonour {protect, rPois}
  7381 | D        | Got the +3 shadow dragon scales of the Ego {Slay+2 Stlth++++}
  7446 | D        | Noticed Jory
  7463 | D        | Killed Jory
  7572 | D        | Noticed Mennas
  7642 | D        | Killed Mennas
  7674 | D        | Noticed Nergalle
  7679 | D        | Killed Nergalle
  7725 | D        | Reached skill level 5 in Long Blades
  7736 | D        | Received a gift from Okawaru
  7762 | D        | Reached skill level 10 in Evocations
  7781 | D        | Noticed a golden dragon
  7785 | D        | Killed a golden dragon
  7795 | D        | Reached skill level 10 in Long Blades
  7841 | D        | Received a gift from Okawaru
  8222 | D        | Reached skill level 15 in Long Blades
  8251 | D        | Noticed an electric golem
  8255 | D        | Killed an electric golem
  8255 | D        | Reached XP level 18. HP: 200/200 MP: 27/27
  8279 | D        | Reached skill level 27 in Axes
  8279 | D        | Reached skill level 15 in Evocations
  8321 | D        | Noticed a golden dragon
  8334 | D        | Killed a golden dragon
  8348 | D        | Received a gift from Okawaru
  8491 | D        | Noticed an Orb Guardian
  8491 | D        | Noticed an Orb Guardian
  8491 | D        | Noticed an Orb Guardian
  8491 | D        | Noticed an Orb Guardian
  8491 | D        | Noticed an Orb Guardian
  8491 | D        | Noticed an Orb Guardian
  8501 | D        | Killed an Orb Guardian
  8502 | D        | Noticed an Orb Guardian
  8507 | D        | Killed an Orb Guardian
  8508 | D        | Noticed an Orb Guardian
  8512 | D        | Killed an Orb Guardian
  8513 | D        | Noticed an Orb Guardian
  8520 | D        | Killed an Orb Guardian
  8525 | D        | Killed an Orb Guardian
  8531 | D        | Killed an Orb Guardian
  8532 | D        | Noticed an Orb Guardian
  8541 | D        | Killed an Orb Guardian
  8545 | D        | Killed an Orb Guardian
  8549 | D        | Killed an Orb Guardian
  8554 | D        | Killed an Orb Guardian
  8562 | D        | Noticed a tentacled monstrosity
  8562 | D        | Noticed an Orb Guardian
  8562 | D        | Noticed an Orb Guardian
  8565 | D        | Noticed an Orb Guardian
  8573 | D        | Noticed an Orb Guardian
  8579 | D        | Killed an Orb Guardian
  8586 | D        | Killed a tentacled monstrosity
  8592 | D        | Killed an Orb Guardian
  8592 | D        | Received a gift from Okawaru
  8593 | D        | Got a spiked hat {god gift}
  8604 | D        | Killed an Orb Guardian
  8611 | D        | Killed an Orb Guardian
  8623 | D        | Identified the -3 hat of Wrong Decisions {*Corrode +Inv rF+} (Okawaru gifted it to you in the Dungeon)
  8686 | D        | Noticed an ancient lich
  8693 | D        | Killed an ancient lich
  8697 | D        | Noticed an orb of fire
  8698 | D        | Gained mutation: You are partially covered in slimy green scales. (AC +2) [an orb of fire]
  8706 | D        | Gained mutation: You tend to lose your temper in combat. [an orb of fire]
  8708 | D        | Gained mutation: You have a pair of large horns on your head. [an orb of fire]
  8713 | D        | Killed an orb of fire
  8713 | D        | Reached XP level 19. HP: 135/207 MP: 33/33
  8747 | D        | Noticed an electric golem
  8758 | D        | Killed an electric golem
  8758 | D        | Reached skill level 27 in Long Blades
  8839 | D        | Noticed an orb of fire
  8851 | D        | Received a gift from Okawaru
  8871 | D        | Noticed an ancient lich
  8877 | D        | Killed an orb of fire
  8882 | D        | Noticed an ancient lich
  8896 | D        | Gained mutation: You often lose your temper in combat. [a cacodemon]
  8903 | D        | Killed an ancient lich
  8905 | D        | Noticed an electric golem
  8908 | D        | Killed an ancient lich
  8908 | D        | Received a gift from Okawaru
  8908 | D        | Reached skill level 27 in Evocations
  8917 | D        | Killed an electric golem
  9062 | D        | Lost mutation: You have a pair of large horns on your head. [potion of mutation]
  9062 | D        | Lost mutation: You often lose your temper in combat. [potion of mutation]
  9062 | D        | Lost mutation: You tend to lose your temper in combat. [potion of mutation]
  9062 | D        | Gained mutation: You evolve. [potion of mutation]
  9062 | D        | Gained mutation: You are partially covered in icy blue scales. (AC +2) [potion of mutation]
  9062 | D        | Gained mutation: You are agile. (Dex +2) [potion of mutation]
  9075 | D        | Reached skill level 10 in Spellcasting
  9109 | D        | Received a gift from Okawaru
  9163 | D        | Reached skill level 15 in Spellcasting
  9264 | D        | Noticed an ancient lich
  9280 | D        | Noticed an ancient lich
  9285 | D        | Killed an ancient lich
  9285 | D        | Reached XP level 20. HP: 216/216 MP: 40/40
  9301 | D        | Killed an ancient lich
  9312 | D        | Received a gift from Okawaru
  9336 | D        | Got a polished large shield {god gift}
  9347 | D        | Identified the +5 large shield "Wocutta" {rN+ Str+2 Int+2} (Okawaru gifted it to you in the Dungeon)
  9473 | D        | Got an elven rune of Zot
  9498 | D        | Noticed the Royal Jelly
  9507 | D        | Paralysed by a floating eye for 3 turns
 10099 | D        | Got the Orb of Zot
 10618 | D        | Noticed Xewoiney the pandemonium lord
 10630 | D        | Paralysed by a floating eye for 4 turns
 10642 | D        | Paralysed by a floating eye for 3 turns
 10648 | D        | Paralysed by a floating eye for 4 turns
 10649 | D        | Killed from afar by Xewoiney the pandemonium lord

Vault maps used:
D:        linesprint

Skill      XL: |  1  2  3  4  5  6  7  8  9 10 11 12 13 14 15 16 17 18 19 20 |
---------------+-------------------------------------------------------------+-----
Axes           | 6 8 10 13 14 16 18 19 20 26 27 | 27.0
Fighting       | 5 6 7 10 11 12 13 15 17 20 22 25 27 | 27.0
Armour         | 5 6 8 10 11 12 13 15 17 20 22 25 27 | 27.0
Shields        | 5 6 8 10 11 12 13 15 17 20 22 25 27 | 27.0
Invocations    | 4 6 8 10 | 10.1
Dodging        | 4 10 14 17 20 27 | 27.0
Evocations     | 14 22 27 | 27.0
Long Blades    | 15 26 27 | 27.0
Spellcasting   | 17 23 | 23.7

Action                   |  1- 3 |  4- 6 |  7- 9 | 10-12 | 13-15 | 16-18 | 19-21 || total
-------------------------+-------+-------+-------+-------+-------+-------+-------++-------
Melee: War axe           |    16 |    16 |       |       |       |       |       ||    32
       Headbutt          |     5 |     5 |     9 |    96 |   162 |   247 |   127 ||   651
       Broad axe         |       |    22 |    31 |   336 |   584 |   801 |   384 ||  2158
Invok: Heroism           |       |       |     1 |     6 |    16 |    18 |    10 ||    51
       Finesse           |       |       |       |     2 |     9 |    13 |     7 ||    31
Evoke: Wand              |       |       |     4 |     8 |       |       |       ||    12
  Use: Scroll            |       |       |       |     5 |     2 |     1 |       ||     8
       Potion            |       |       |       |     5 |       |     1 |    20 ||    26
  Eat: Chunk             |       |       |     3 |     1 |       |     1 |       ||     5
       Meat ration       |       |       |       |     1 |     1 |     1 |     2 ||     5
       Bread ration      |       |       |       |       |     2 |       |       ||     2
Armor: Scale mail        |     6 |     8 |       |       |       |       |       ||    14
       Ring mail         |       |     5 |       |       |       |       |       ||     5
       Plate armour      |       |       |    19 |    89 |       |       |       ||   108
       Ice dragon scales |       |       |       |    46 |   135 |    16 |       ||   197
       Crystal plate arm |       |       |       |       |       |    91 |    59 ||   150
Dodge: Dodged            |    10 |     8 |     6 |    88 |   221 |   114 |    53 ||   500
Block: Shield            |     3 |    19 |    20 |   172 |   272 |   113 |       ||   599
       Large shield      |       |       |       |       |       |   189 |   230 ||   419

Table legend:
 A = Spawn XP
 B = Non-spawn XP
 C = Spawn XP percentage of total XP
 D = Spawn monster count
 E = Non-spawn monster count
 F = Spawn count percentage of total count
 G = Total turns spent on level
                    A         B        C        D         E        F      G
               +---------+---------+-------+---------+---------+-------+---------
         Total |       0 |  534551 |   0.0 |       0 |     445 |   0.0 | 10649
               +---------+---------+-------+---------+---------+-------+---------
             D |       0 |  534551 |   0.0 |       0 |     445 |   0.0 | 10649
               +---------+---------+-------+---------+---------+-------+---------
